 Dungeon Crawl Stone Soup version 0.13.0-13-g27bfa31 (webtiles) character file.

819 Narretz the Covered (level 7, -5/60 HPs)
             Began as a Minotaur Fighter on Oct 19, 2013.
             Killed by divine providence
             ... invoked by an orc priest
              (9 damage)
             ... on Level 7 of the Dungeon.
             The game lasted 00:26:05 (3605 turns).

Narretz the Covered (Minotaur Fighter)              Turns: 3605, Time: 00:26:06

HP  -5/60        AC  9     Str 21      XL: 7   Next: 23%
MP   3/3         EV  7     Int  5      God:
Gold 190         SH 20     Dex 11      Spells:  0 memorised,  6 levels left

Res.Fire  : + . .   See Invis. : +   a - +1 flail
Res.Cold  : . . .   Warding    : .   L - +2 scale mail {MR+}
Life Prot.: . . .   Conserve   : .   c - +0 shield
Res.Poison: .       Res.Corr.  : .   (helmet restricted)
Res.Elec. : .       Clarity    : .   (no cloak)
Sust.Abil.: . .     Spirit.Shd : .   (no gloves)
Res.Mut.  : .       Stasis     : .   (no boots)
Res.Rott. : .       Flight     : .   (no amulet)
Saprovore : . . .                    h - ring of protection from fire
                                     x - ring of see invisible

@: somewhat resistant to hostile enchantments, extremely unstealthy
A: retaliatory headbutt, horns 2
a: no special abilities


You were on level 7 of the Dungeon.
You were not hungry.

You visited 1 branch of the dungeon, and saw 7 of its levels.

You collected 170 gold pieces.

Inventory:

Hand weapons
 a - a +1,+1 flail (weapon)
 b - a -1,+1 orcish mace
 r - a +1,+0 bow of velocity
 z - a +0,+0 crossbow
 J - a +0,+0 great sword
Missiles
 e - 15 darts (quivered)
 v - 4 arrows
 A - 16 arrows of flame
 D - 20 bolts
 F - 10 poisoned arrows
 H - 9 darts of frost
 K - 4 poisoned needles
Armour
 c - a +0 shield (worn)
 t - a +0 orcish plate armour
 E - a cursed +0 leather armour
 L - a +2 scale mail of magic resistance (worn)
Magical devices
 f - a wand of frost (3)
 o - a wand of frost (0)
Comestibles
 d - 4 bread rations
 g - 2 meat rations
 k - 3 chunks of orc flesh
 p - 2 rotting chunks of worker ant flesh
 B - a slice of pizza
 G - a choko
Scrolls
 i - a scroll of enchant weapon I
 m - 2 scrolls of curse weapon
 n - a scroll of fear {unknown}
 q - a scroll of enchant weapon II
 u - a scroll of noise {unknown}
 y - a scroll of teleportation
 I - a scroll of fog {unknown}
 N - a scroll of enchant armour {unknown}
 O - a scroll of identify
Jewellery
 h - a ring of protection from fire (right hand)
 l - an uncursed ring of protection from magic
 x - a ring of see invisible (left hand)
Potions
 j - a potion of cure mutation {unknown}
 s - a potion of restore abilities {unknown}
 w - a potion of mutation {unknown}
 C - a potion of flight {unknown}
 M - a potion of curing
 P - a potion of heal wounds {unknown}


   Skills:
 + Level 4.7 Fighting
 + Level 3.7 Maces & Flails
 + Level 0.9 Crossbows
 + Level 1.7 Throwing
 * Level 6.0 Armour
 * Level 3.2 Dodging
 + Level 0.5 Stealth
 + Level 5.5 Shields
 + Level 1.3 Evocations


You had 6 spell levels left.
You didn't know any spells.

Dungeon Overview and Level Annotations

Branches:
Dungeon (7/27)                Orc (0/4) D:7
 Temple: D:4-7

Altars:
Sif Muna
Trog
Zin

Annotations:
D:4 exclusions: downstairs and upstairs


Innate Abilities, Weirdness & Mutations

You reflexively headbutt those who attack you in melee.
You have a pair of horns on your head.


Message History

The orc warrior hits you with an orcish scimitar!
* * * LOW HITPOINT WARNING * * *
You see here a rat corpse.
You closely miss the orc warrior.
The orc warrior is heavily wounded.
You block the orc warrior's attack.
You closely miss the orc warrior.
The orc warrior is heavily wounded.
You block the orc warrior's attack.
You closely miss the orc warrior. Your headbutt misses the orc warrior.
The orc warrior is heavily wounded.
The orc warrior hits you with an orcish scimitar!
* * * LOW HITPOINT WARNING * * *
The orc warrior hits you with an orcish scimitar!
* * * LOW HITPOINT WARNING * * *
You smell something rotten. (slot p)
An orc priest comes into view. It is wielding an orcish trident.
The orc priest invokes the aid of Beogh against you.
Something smites you!
You die...

#o# #.# #.# .#
#.#
....##########.#
#............#
...####.≈≈≈≈≈≈.#
#. #.≈≈≈≈≈≈.#
#.####.≈≈_8≈≈@#
#.#....≈≈.>≈≈.#
#.#.##.≈≈≈≈≈≈o#
#......≈≈≈≈≈≈.#
#...##........#
#>..###########
#...# #...# #
#...#


You could see an orc warrior and an orc priest.

Vanquished Creatures
  A centaur (D:7)
  An ice beast (D:5)
  Blork the orc (D:4)
  A yak skeleton (D:7)
  A crimson imp (D:7)
  3 scorpions
  A hound (D:4)
  3 worker ants
  7 adders
  3 worms
  A giant mite (D:1)
  2 giant geckos
  2 orcs (D:7)
  7 bats
  5 giant cockroaches
  5 goblins
  3 hobgoblins (D:1)
  2 quokkas (D:2)
  6 giant newts
  A hobgoblin skeleton (D:4)
  11 kobolds
  9 rats
  A rat skeleton (D:4)
  A rat zombie (D:7)
78 creatures vanquished.

Vanquished Creatures (others)
  A wizard (D:3)
1 creature vanquished.

Grand Total: 79 creatures vanquished

Notes
Turn   | Place    | Note
--------------------------------------------------------------
     0 | D:1      | Narretz, the Minotaur Fighter, began the quest for the Orb.
     0 | D:1      | Reached XP level 1. HP: 19/19 MP: 0/0
   197 | D:1      | Reached XP level 2. HP: 26/26 MP: 0/0
   230 | D:1      | Reached skill level 4 in Fighting
   863 | D:2      | Reached XP level 3. HP: 25/33 MP: 1/1
  1099 | D:2      | Reached XP level 4. HP: 37/40 MP: 1/1
  1116 | D:2      | Reached skill level 1 in Dodging
  1574 | D:3      | Reached skill level 1 in Throwing
  1752 | D:3      | Noticed an ogre
  1752 | D:3      | Reached XP level 5. HP: 37/46 MP: 1/1
  2272 | D:3      | Found a bloodstained altar of Trog.
  2272 | D:3      | Noticed a wizard
  2278 | D:3      | Killed a wizard
  2480 | D:4      | Noticed Blork the orc
  2505 | D:4      | Killed Blork the orc
  2505 | D:4      | Reached skill level 5 in Armour
  2564 | D:4      | Reached XP level 6. HP: 50/53 MP: 2/2
  2722 | D:4      | Found a deep blue altar of Sif Muna.
  2863 | D:5      | Entered Level 5 of the Dungeon
  2952 | D:5      | Reached skill level 5 in Shields
  3030 | D:7      | Reached skill level 1 in Evocations
  3357 | D:7      | Found a staircase to the Orcish Mines.
  3365 | D:7      | Reached XP level 7. HP: 60/60 MP: 3/3
  3395 | D:7      | Found a glowing silver altar of Zin.
  3471 | D:7      | Reached skill level 6 in Armour
  3599 | D:7      | HP: 3/60 [orc warrior/orcish scimitar (11)]
  3605 | D:7      | Killed from afar by an orc priest

Action                   |  1- 3 |  4- 6 |  7- 9 || total
-------------------------+-------+-------+-------++-------
Melee: Mace              |    68 |       |       ||    68
       Flail             |     8 |   130 |    39 ||   177
 Fire: Crossbow          |       |     4 |       ||     4
       Bow               |       |     3 |    10 ||    13
Throw: Dart              |     6 |    11 |       ||    17
Evoke: Wand              |     5 |    14 |       ||    19
  Use: Scroll            |     1 |     2 |     5 ||     8
       Potion            |       |     3 |       ||     3
